 Dungeon Crawl Stone Soup version 0.28.0 (webtiles) character file.

Game seed: 13201355529628704925

2713 Sanktem7 the Protected (level 9, -1/81 HPs)
             Began as a Minotaur Fighter on Feb 9, 2022.
             Was a Follower of Makhleb.
             Slain by a wyvern (9 damage)
             ... on level 8 of the Dungeon.
             The game lasted 00:15:48 (8829 turns).

Sanktem7 the Protected (Minotaur Fighter)           Turns: 8829, Time: 00:15:49

Health: -1/81      AC:  8    Str: 25    XL:     9   Next: 39%
Magic:  0/8        EV:  7    Int:  5    God:    Makhleb [*.....]
Gold:   176        SH:  5    Dex: 10    Spells: 8/8 levels left

rFire   . . .      SeeInvis .   m - +4 short sword
rCold   . . .      Faith    .   c - +0 buckler
rNeg    . . .      Spirit   +   w - +0 plate armour
rPois   .          Reflect  .   (helmet restricted)
rElec   .          Harm     .   s - scarf {+Inv}
rCorr   .          Rampage  .   b - +0 pair of gloves
Will    .....                   (no boots)
Stlth   ..........              f - amulet of guardian spirit
HPRegen 0.23/turn               (no ring)
MPRegen 0.11/turn               (no ring)

@: corroded
A: horns 2, retaliatory headbutt
a: Renounce Religion, Evoke Invisibility


You were on level 8 of the Dungeon.
You worshipped Makhleb.
Makhleb was aware of your devotion.
You visited 1 branch of the dungeon, and saw 8 of its levels.

You collected 350 gold pieces.
You spent 174 gold pieces at shops.

Inventory:

Hand Weapons
 a - a +0 long sword
 m - a +4 short sword (weapon)
 r - a +0 shortbow
Missiles
 p - a throwing net (quivered)
 t - 148 arrows
Armour
 b - a +0 pair of gloves (worn)
 c - a +0 buckler (worn)
 s - a scarf of invisibility (worn)
 w - a +0 plate armour (worn)
 z - a +0 ring mail of fire resistance
Jewellery
 f - an amulet of guardian spirit (around neck)
Wands
 h - a wand of iceblast (17)
 y - a wand of digging (4)
 B - a wand of flame (17)
 E - a wand of acid (12)
Scrolls
 e - a scroll of summoning
 l - a scroll of identify
 o - a scroll of amnesia
 q - a scroll of enchant armour
 u - 3 scrolls of teleportation
 v - a scroll of noise {unknown}
 D - a scroll of enchant weapon
 F - a scroll of fog
Potions
 d - a potion of might
 g - 5 potions of mutation
 i - 2 potions of cancellation
 j - a potion of brilliance
 k - 2 potions of lignification
 n - 3 potions of attraction
 x - 2 potions of heal wounds {unknown}
 A - a potion of flight {unknown}
 C - a potion of haste {unknown}


   Skills:
 * Level 7.8 Fighting
 - Level 0.9(3.9) Short Blades
 * Level 6.7(6.8) Long Blades
 * Level 5.2 Bows
 * Level 10.5 Armour
 + Level 1.0 Dodging
 - Level 0.1 Stealth
 + Level 5.1 Shields


You had 8 spell levels left.
You didn't know any spells.
Your spell library contained the following spells:

 Spells                   Type           Power      Damage    Failure   Level
 Sandblast                Erth           0%         2d4       100%        1
 Sting                    Tmut/Pois      0%         1d3       100%        1
 Passwall                 Tmut/Erth      0%         N/A       100%        2
 Poisonous Vapours        Pois/Air       0%         N/A       100%        2
 Static Discharge         Conj/Air       0%         N/A       100%        2
 Stone Arrow              Conj/Erth      0%         3d7       100%        3
 Olgreb's Toxic Radiance  Pois           0%         N/A       100%        4
 Fireball                 Conj/Fire      0%         3d3       100%        5
 Lightning Bolt           Conj/Air       0%         1d11      100%        5
 Starburst                Conj/Fire      0%         6d3       100%        6
 Ignition                 Fire           0%         3d3       100%        8
 Maxwell's Capacitive Co  Air            0%         ∞         100%        8


Dungeon Overview and Level Annotations

Branches:
Dungeon (8/15)             Temple (0/1) D:5
   Lair: D:8-11

Altars:
Ashenzari
Dithmenos
Elyvilon
Gozag
Kikubaaqudgha
Makhleb
Nemelex Xobeh
Ru
Sif Muna
Zin
The Shining One

Shops:
D:5 *?:!(


Innate Abilities, Weirdness & Mutations

You have a pair of horns on your head.
You reflexively headbutt those who attack you in melee.


Message History

You hit the acid dragon but do no damage.
The acid dragon is almost dead.
The wyvern hisses menacingly.
Something hits you but does no damage.
The orc wizard mumbles some strange words.
The orc wizard flickers and vanishes!
You block the acid dragon's attack. The acid dragon closely misses you.
You hit the acid dragon but do no damage.
The acid dragon is almost dead.
Something hits you.
* * * LOW HITPOINT WARNING * * *
Something hits you but does no damage. You block the acid dragon's attack.
The acid dragon barely misses you.
You puncture the acid dragon!
You kill the acid dragon!
Makhleb accepts your kill.
You feel better. Something hits you but does no damage. Something hits you.
* * * LOW HITPOINT WARNING * * *
You hit the orc but do no damage. Something hits you but does no damage.
The orc hits you but does no damage. Something hits you but does no damage.
You barely miss the orc. The orc hits you but does no damage.
Something hits you but does no damage. x2
You hit the orc. You headbutt the orc.
You kill the orc!
Makhleb accepts your kill.
You feel better. Something hits you.
* * * LOW HITPOINT WARNING * * *
Something hits you.
* * * LOW HITPOINT WARNING * * *
The wyvern bites you!
* * * LOW HITPOINT WARNING * * *
You hit the wyvern but do no damage. The wyvern bites you.
* * * LOW HITPOINT WARNING * * *
Something hits you but does no damage. x2
You hit the wyvern but do no damage. The wyvern bites you.
* * * LOW HITPOINT WARNING * * *
Something hits you but does no damage. x2
You hit the wyvern but do no damage. Your headbutt misses the wyvern.
The wyvern bites you!
You die...

##..... ##### #.....#
##...###.....#
##.)..#.##....## ..
.........>.....### .
.....#...<.......# .##
....<#.....##....## ..#
###..##..####.....#..##
##.....#.....{@##...#
##..........l{#...##..
#.........##.....o.o.
##........###....D.o.
#..............)....
####......##........
##.....#.##......
#..#.... ...... ..####.
......


You could see a wyvern.

Vanquished Creatures
  Grinder (D:5)
  A steam dragon (D:7)
  An acid dragon (D:8)
  Duvessa (D:7)
  A sky beast (D:6)
  2 black bears
  An orc warrior (D:7)
  2 ice beasts
  4 ogres
  3 centaurs
  A phantom (D:4)
  A bullfrog (D:8)
  Blork the orc (D:5)
  Dowan (D:7)
  3 wights (D:7)
  A jelly (D:6)
  5 orc priests
  A centaur zombie (D:7)
  A gnoll shaman (D:7)
  A hound (D:4)
  An iguana (D:7)
  3 orc wizards
  2 hound skeletons
  7 gnolls
  A howler monkey skeleton (D:4)
  5 adders
  2 ufetubi (D:6)
  2 worms
  5 dart slugs
  32 orcs
  9 ball pythons
  2 bats
  10 endoplasms
  A giant cockroach (D:3)
  5 goblins
  9 hobgoblins
  5 jackals
  6 kobolds
  2 quokkas
  4 frilled lizards
  2 rats (D:1)
148 creatures vanquished.

Vanquished Creatures (others)
  A plant (D:7)
1 creature vanquished.

Grand Total: 149 creatures vanquished

Notes
Turn   | Place    | Note
-------+----------+-------------------------------------------
     0 | D:1      | Sanktem7 the Minotaur Fighter began the quest for the Orb.
     0 | D:1      | Reached XP level 1. HP: 19/19 MP: 0/0
   216 | D:1      | Reached XP level 2. HP: 27/27 MP: 1/1
   325 | D:1      | Reached skill level 4 in Armour
   327 | D:1      | Found a faded altar of an unknown god.
  1181 | D:2      | Reached XP level 3. HP: 33/33 MP: 2/2
  1515 | D:2      | Reached XP level 4. HP: 11/40 MP: 1/3
  2016 | D:3      | Reached skill level 5 in Armour
  2165 | D:3      | Found a shimmering blue altar of Sif Muna.
  2181 | D:3      | Reached XP level 5. HP: 41/47 MP: 4/4
  2304 | D:3      | Noticed an ogre
  2315 | D:3      | Killed an ogre
  2833 | D:3      | Reached skill level 5 in Long Blades
  2833 | D:3      | Reached XP level 6. HP: 53/53 MP: 5/5
  2977 | D:3      | Found a shadowy altar of Dithmenos.
  2977 | D:3      | Found a burning altar of Makhleb.
  3064 | D:3      | Became a worshipper of Makhleb the Destroyer
  3193 | D:4      | HP: 2/55 [gnoll (7)]
  3566 | D:4      | Reached skill level 5 in Fighting
  3566 | D:4      | Reached skill level 6 in Armour
  4067 | D:4      | Reached * piety under Makhleb
  4082 | D:4      | Found Zin's Purification Station.
  4085 | D:4      | Found a glowing silver altar of Zin.
  4090 | D:4      | Bought a potion of curing for 90 gold pieces
  4279 | D:5      | Entered Level 5 of the Dungeon
  4295 | D:5      | Found a staircase to the Ecumenical Temple.
  4333 | D:5      | Noticed Grinder
  4347 | D:5      | Paralysed by Grinder for 5 turns
  4356 | D:5      | Killed Grinder
  4357 | D:5      | Reached skill level 1 in Bows
  4357 | D:5      | Reached skill level 7 in Armour
  4357 | D:5      | Reached XP level 7. HP: 41/61 MP: 3/6
  4494 | D:5      | Found Joq Tohu's Book Boutique.
  4537 | D:5      | Found an ancient bone altar of Kikubaaqudgha.
  4649 | D:5      | Found Bouss's Distillery.
  4652 | D:5      | Noticed Blork the orc
  4659 | D:5      | Killed Blork the orc
  4674 | D:5      | Bought 2 potions of curing for 84 gold pieces
  4674 | D:5      | Found Qaody's Weapon Shop.
  4733 | D:5      | Found Akabbuso's Magic Scroll Shoppe.
  4745 | D:5      | Reached skill level 8 in Armour
  4745 | D:5      | Reached XP level 8. HP: 56/70 MP: 5/7
  4821 | D:5      | Found Tawnom's Assorted Antiques.
  5663 | D:6      | Found a glowing golden altar of the Shining One.
  5758 | D:6      | Reached skill level 1 in Dodging
  6586 | D:7      | Reached skill level 9 in Armour
  6766 | D:7      | HP: 3/71 [steam dragon (2)]
  7083 | D:7      | Found a broken altar of Ashenzari.
  7106 | D:7      | Found an opulent altar of Gozag.
  7312 | D:7      | Found a white marble altar of Elyvilon.
  7410 | D:7      | Reached XP level 9. HP: 16/79 MP: 2/8
  7853 | D:7      | Noticed Dowan
  7854 | D:7      | Noticed Duvessa
  7869 | D:7      | Killed Duvessa
  7878 | D:7      | Killed Dowan
  7950 | D:7      | Found a sacrificial altar of Ru.
  8080 | D:7      | Found a sparkling altar of Nemelex Xobeh.
  8184 | D:7      | Reached skill level 5 in Shields
  8350 | D:7      | Reached skill level 10 in Armour
  8499 | D:7      | Reached skill level 5 in Bows
  8829 | D:8      | Slain by a wyvern

Illustrated notes

Levels and vault maps discovered:
D:1:      elethiomel_arrival_quiet, layout_basic,
          hellmonk_ecumenical_altar_arch_garden
D:2:      layout_basic
D:3:      layout_loops_cross, mainiacjoe_overflow_small_starburst,
          mainiacjoe_overflow_large_starburst, minivault_24, minmay_vboxes
D:4:      layout_cave_pools, zin_purify, serial_park, serial_park_tiny_1,
          serial_park_avenue1, serial_park_tiny_1, serial_park_paths
          [serial_park_minivault_5x5_3]
D:5:      layout_loops_ring, old_standard_altar, temple_pool_b, serial_shops,
          nicolae_shop_competitors_out_of_business, shop, shop, shop,
          kennysheep_little_box, uniq_blork_the_orc, uniq_grinder
D:6:      layout_basic, mainiacjoe_overflow_alcove_1
D:7:      layout_loops_cross, lemuel_doored_altar, elyvilon_altar_1,
          nicolae_ru_path_of_blood, nicolae_ashenzari_panopticon,
          nemelex_spade_bored_becter, minmay_misc_feat_cross, uniq_duvessa
D:8:      layout_cave_pools, kennysheep_doodads, kennysheep_another_room

Skill      XL: |  1  2  3  4  5  6  7  8  9 |
---------------+----------------------------+-----
Fighting       | 4 5 6 7 |  7.8
Armour         | 4 5 7 8 9 10 | 10.5
Long Blades    | 4 5 6 |  6.7
Shields        | 4 5 |  5.1
Bows           | 1 3 4 5 |  5.2
Dodging        | 1 |  1.0
Short Blades   | |  0.9
Stealth        | |  0.1

Action                   |  1- 3 |  4- 6 |  7- 9 || total
-------------------------+-------+-------+-------++-------
Melee: Long sword        |    79 |    28 |       ||   107
       Headbutt          |     6 |    31 |    57 ||    94
       Short sword       |       |   163 |   251 ||   414
 Fire: Shortbow          |       |    13 |     6 ||    19
Throw: Throwing net      |       |     2 |       ||     2
Evoke: Wand              |       |       |     1 ||     1
  Use: Scroll            |       |     8 |     4 ||    12
       Potion            |       |       |     5 ||     5
Armor: Scale mail        |    33 |    74 |       ||   107
       Plate armour      |       |       |   159 ||   159
Dodge: Dodged            |    35 |    79 |    74 ||   188
Block: Buckler           |    16 |    36 |    59 ||   111
